 Dungeon Crawl Stone Soup version 0.17.0-9-g801d43b (webtiles) character file.

113 septik the Skirmisher (level 4, -10/29 HPs)
             Began as a Gargoyle Fighter on Nov 9, 2015.
             Killed by divine providence
             ... invoked by an orc priest
              (11 damage)
             ... on level 3 of the Dungeon.
             The game lasted 00:06:19 (2610 turns).

septik the Skirmisher (Gargoyle Fighter)            Turns: 2610, Time: 00:06:20

Health: -10/29     AC: 13    Str: 20    XL:     4   Next: 96%
Magic:  4/4        EV:  5    Int:  8    God:
Gold:   176        SH:  9    Dex: 10    Spells: 0 memorised, 3 levels left

rFire  . . .     SeeInvis .     A - -2 whip (curse)
rCold  . . .     Clarity  .     y - +0 chain mail (curse)
rNeg   + . .     SustAt   .     c - +0 shield
rPois  ∞         Gourm    .     (no helmet)
rElec  +         Spirit   .     (no cloak)
rCorr  .         Warding  .     (no gloves)
rMut   .         Stasis   .     (no boots)
MR     .....                    (no amulet)
Stlth  ..........               (no ring)
                                (no ring)

@: not resistant to hostile enchantments, extremely unstealthy
A: negative energy resistance 1, electricity resistance, unbreathing,
petrification resistance, rot immunity, AC +3
a: no special abilities


You were on level 3 of the Dungeon.
You were not hungry.

You visited 1 branch of the dungeon, and saw 3 of its levels.

You collected 176 gold pieces.

Inventory:

Hand Weapons
 a - a +0 flail
 s - a +1 trident of distortion
 A - a cursed -2 whip (weapon)
Missiles
 l - 175 stones (quivered)
 B - 8 javelins
 C - 14 poisoned needles
 D - 4 needles of frenzy
Armour
 b - a +0 scale mail
 c - a +0 shield (worn)
 y - a cursed +0 chain mail (worn)
Jewellery
 q - a cursed ring of protection from fire {unknown}
Scrolls
 g - a scroll of noise {unknown}
 h - 4 scrolls of random uselessness {unknown}
 j - 2 scrolls of identify {unknown}
 m - a scroll of fog {unknown}
 n - a scroll of amnesia {unknown}
 p - a scroll of blinking {unknown}
 r - a scroll of immolation {unknown}
 u - 2 scrolls of remove curse {unknown}
 x - a scroll of enchant armour {unknown}
Potions
 d - a potion of might
 f - a potion of flight {unknown}
 i - a potion of degeneration {unknown}
 o - a potion of cure mutation {unknown}
 t - a potion of magic {unknown}
 w - a potion of poison {unknown}
Books
 v - a book of Death

   Spells                             Type                      Level
   a - Corpse Rot                     Necromancy                   2
   b - Sublimation of Blood           Necromancy                   2
   c - Agony                          Necromancy                   5
   d - Dispel Undead                  Necromancy                   5
   e - Excruciating Wounds            Charms/Necromancy            5
   f - Bolt of Draining               Conjuration/Necromancy       5
Comestibles
 e - 3 bread rations
 k - 3 meat rations
 z - 2 chunks of flesh


   Skills:
 + Level 4.1 Fighting
 * Level 3.3 Maces & Flails
 + Level 4.0 Armour
 + Level 3.8 Shields


You had 3 spell levels left.
You didn't know any spells.

Dungeon Overview and Level Annotations

Branches:
Dungeon (3/15)

Altars:


Innate Abilities, Weirdness & Mutations

You are resistant to torment.
Your stone body is resilient (AC +3).
You are immune to poison.
You resist negative energy.
You are resistant to electric shocks.
You can survive without breathing.
You are immune to petrification.
You are immune to rotting.


Message History

You closely miss the orc priest.
The orc priest is heavily wounded.
The orc priest shouts!
You block the orc's attack.
You hit the orc priest but do no damage.
The orc priest is heavily wounded.
The orc priest hits you but does no damage.
The orc hits you but does no damage.
You hit the orc priest but do no damage.
The orc priest is heavily wounded.
You block the orc priest's attack.
Your shield and chain mail prevent you from hitting the orc priest.
The orc priest is heavily wounded.
You block the orc's attack. You block the orc priest's attack.
The orc hits you but does no damage.
You hit the orc priest.
The orc priest is severely wounded.
The orc priest invokes the aid of Beogh against you.
Something smites you!
You die...

#...# #.# ###...######.#
#.............
#.##.#######.# ##.##.# #.#
... #####...#.# #.# # ..
..........# #.# #. ..
####...##### #.# .. #.
#@o........# #.# #. #.
#o###.####.#####.#
#>.#.####o##.............#
#.#.............####.#######
#.....$(........# #.#
....[..#÷...##.## #.#
....o..........# #.#
###...##....##.# #.#
#.......#.##.# #.#


You could see 2 orc priests and an orc.

Vanquished Creatures
  7 adders
  An ooze (D:3)
  3 worms (D:2)
  A ball python (D:2)
  6 bats
  4 hobgoblins (D:1)
  A jackal (D:3)
  3 giant cockroaches
  3 giant newts (D:1)
  2 goblins
  10 kobolds
  4 rats
45 creatures vanquished.

Notes
Turn   | Place    | Note
--------------------------------------------------------------
     0 | D:1      | septik the Gargoyle Fighter began the quest for the Orb.
     0 | D:1      | Reached XP level 1. HP: 14/14 MP: 1/1
   380 | D:1      | Reached XP level 2. HP: 19/19 MP: 2/2
   968 | D:2      | Reached XP level 3. HP: 21/23 MP: 3/3
  1513 | D:2      | Reached XP level 4. HP: 25/29 MP: 4/4
  2184 | D:3      | Reached skill level 4 in Fighting
  2604 | D:3      | HP: 1/29 [orc priest/war axe (2)]
  2610 | D:3      | Killed from afar by an orc priest

Action                   |  1- 3 |  4- 6 || total
-------------------------+-------+-------++-------
Melee: Flail             |   105 |    39 ||   144
       Whip              |       |   184 ||   184
       Trident           |       |     2 ||     2
  Eat: Chunk             |     2 |     4 ||     6
